 Dungeon Crawl Stone Soup version 0.32-a0-411-g744942f433 (webtiles) character file.

Game seed: 8820090076034742885

3894430 Ikimono the Heavyweight Champion (level 27, 323/323 HPs)
             Began as an Oni Shapeshifter on Feb 20, 2024.
             Was an Initiate of Gozag.
             Escaped with the Orb
             ... and 6 runes on Feb 21, 2024!
             The game lasted 02:08:47 (80210 turns).

Ikimono the Heavyweight Champion (OnSh)            Turns: 80210, Time: 02:08:47

Health: 323/323    AC: 19    Str: 37    XL:     27
Magic:  23/23      EV: 49    Int: 15    God:    Gozag
Gold:   7595       SH:  0    Dex: 13    Spells: 26/26 levels left

rFire   . .          .
                       - Unarmed
rCold   . . .        (shield currently unavailable)
rNeg    + + .        m - melded +1 animal skin of Truth {rElec rPois Regen+ Str+3}
rPois   ∞            S - melded +3 crown of Dyrovepreva {rElec Int+2 SInv}
rElec   +            v - melded +4 dragonskin cloak
rCorr   .            (gloves unavailable)
SInv    .            (boots unavailable)
Will    +++..        y - amulet "Ceiguysh" {Will+ Regen+ Dex+3}
Stlth   +            Q - ring "Jiedween" {rN+ Slay+6}
HPRegen 2.33/turn    f - ring of Vehumet's Esteem {rN+ AC+4 Str-3 Int+5 Dex+3}
MPRegen 0.18/turn

%: clarity
@: storm-form, gold aura, flying, studying 2 skills
A: cleaving, insubstantial, flying, large, unfitting armour, (horns 1), (tough
skin 1), double potion healing, drunken brawling, (hooves 1), clarity, (cold
resistance 1), deterioration 2, regeneration 1, (shaggy fur 1), strong 1,
inability to read after injury 1
0: Orb of Zot
}: 6/15 runes: serpentine, barnacled, slimy, silver, golden, abyssal
a: Blinkbolt, Begin Untransformation, Renounce Religion, Potion Petition, Call
Merchant, Bribe Branch


You escaped.
You worshipped Gozag.
Gozag was greatly pleased with you.
You were a lightning-filled tempest!
You visited 15 branches of the dungeon, and saw 64 of its levels.
You visited the Abyss 4 times.
You visited 1 bazaar.
You also visited: Trove, Sewer, Ice Cave, Volcano and Wizlab.

You collected 44371 gold pieces.
You spent 8989 gold pieces at shops.
You paid 27787 gold pieces to Gozag.

Inventory:

Missiles
 h - 11 throwing nets
Armour
 m - the +1 animal skin of Truth (melded) {rElec rPois Regen+ Str+3}
   (You acquired it on level 3 of the Elven Halls)

   Str+3:     It affects your strength (+3).
   rElec:     It insulates you from electricity.
   rPois:     It protects you from poison Regen+: It increases your rate of
   health regeneration.
 v - the +4 dragonskin cloak (melded)
   (You took it off Tiamat on level 2 of the Realm of Zot)

   Avatar's Aegis: It grants the wearer a chance to resist fire, cold, poison,
   electricity, acid, and negative energy.
 S - the +3 crown of Dyrovepreva (melded) {rElec Int+2 SInv}
   (You found it on level 3 of the Elven Halls)

   Int+2:     It affects your intelligence (+2).
   rElec:     It insulates you from electricity.
   SInv:      It lets you see invisible.
Jewellery
 d - the amulet "Pyte Ots" {RegenMP rN+ Regen+}
   (You bought it in a shop on level 3 of the Snake Pit)

   [amulet of magic regeneration]

   RegenMP:   It increases your rate of magic regeneration.
   rN+:       It protects you from negative energy.
   Regen+:    It increases your rate of health regeneration.
 f - the ring of Vehumet's Esteem (right fist) {rN+ AC+4 Str-3 Int+5 Dex+3}
   (You found it on level 5 of the Pits of Slime)

   [ring of protection]

   AC+4:      It affects your AC (+4).
   Str-3:     It affects your strength (-3).
   Int+5:     It affects your intelligence (+5).
   Dex+3:     It affects your dexterity (+3).
   rN+:       It protects you from negative energy.
 j - the ring of Alusari {rC++ rN+}
   (You found it on level 3 of the Tomb of the Ancients)

   [ring of positive energy]

   rC++:      It greatly protects you from cold.
   rN+:       It protects you from negative energy.
 u - a +4 ring of protection
 x - the ring "Arudghen" {rN+ Str+2 Int+3 Dex+3 Stlth+}
   (You found it on level 3 of the Crypt)

   [ring of positive energy]

   Str+2:     It affects your strength (+2).
   Int+3:     It affects your intelligence (+3).
   Dex+3:     It affects your dexterity (+3).
   rN+:       It protects you from negative energy.
   Stlth+:    It makes you more stealthy.
 y - the amulet "Ceiguysh" (around neck) {Will+ Regen+ Dex+3}
   (You bought it in a shop on level 3 of the Snake Pit)

   [amulet of regeneration]

   Dex+3:     It affects your dexterity (+3).
   Will+:     It increases your willpower.
   Regen+:    It increases your rate of health regeneration.
 N - the macabre finger necklace {Finger+ rN+}
   (You found it on level 3 of the Tomb of the Ancients)

   [amulet of nothing]

   Finger+:   It enables you to equip an extra ring.
   rN+:       It protects you from negative energy.
 Q - the ring "Jiedween" (left fist) {rN+ Slay+6}
   (You found it on level 3 of the Crypt)

   [ring of positive energy]

   Slay+6:    It affects your accuracy & damage with ranged weapons and melee
   (+6).
   rN+:       It protects you from negative energy.
 R - the ring of Qazlal's Benevolence {rN+ rCorr Str+3 Stlth+}
   (You found it on level 3 of the Crypt)

   [ring of positive energy]

   Str+3:     It affects your strength (+3).
   rN+:       It protects you from negative energy.
   rCorr:     It protects you from acid and corrosion.
   Stlth+:    It makes you more stealthy.
 U - the ring of Uteupiukk {rElec rC- rCorr MP+9 Slay+5}
   (You found it on level 3 of the Tomb of the Ancients)

   [ring of magical power]

   Slay+5:    It affects your accuracy & damage with ranged weapons and melee
   (+5).
   rC-:       It makes you vulnerable to cold.
   rElec:     It insulates you from electricity.
   MP+9:      It affects your magic capacity (+9).
   rCorr:     It protects you from acid and corrosion.
Talismans
 D - a storm talisman (active)
 O - a talisman of death
Wands
 q - a wand of light (40)
 t - a wand of roots (88)
 w - a wand of digging (20)
 B - a wand of flame (154)
 C - a wand of charming (51)
 I - a wand of polymorph (27)
 X - a wand of mindburst (34)
Scrolls
 i - 21 scrolls of teleportation
 l - 5 scrolls of butterflies
 s - 6 scrolls of immolation
 E - 9 scrolls of blinking
 H - 11 scrolls of fog
 K - 2 scrolls of revelation
 L - 2 scrolls of silence
 P - 12 scrolls of fear
 V - 5 scrolls of poison
 Y - 5 scrolls of torment
Potions
 b - 14 potions of heal wounds
 g - 7 potions of magic
 k - 6 potions of resistance
 n - 5 potions of haste
 p - 13 potions of cancellation (quivered)
 r - 4 potions of attraction
 z - 10 potions of enlightenment
 A - 9 potions of invisibility
 F - 22 potions of curing
 G - 12 potions of lignification
 J - 9 potions of might
 M - 5 potions of berserk rage
 W - 5 potions of ambrosia
Miscellaneous
 a - the horn of Geryon
 c - a tin of tremorstones (2/2)
 e - a figurine of a ziggurat
 o - a lightning rod (4/4)
 T - a phial of floods
 Z - a phantom mirror


   Skills:
 O Level 27 Fighting
 O Level 27 Dodging
 O Level 27 Unarmed Combat
 + Level 18.7 Evocations
 O Level 27 Shapeshifting


You had 26 spell levels left.
You didn't know any spells.
Your spell library contained the following spells:

 Spells                   Type           Power      Damage    Failure   Level
 Apportation              Tloc           0%         N/A       26%         1
 Foxfire                  Conj/Fire      0%         2x1d4     26%         1
 Kiss of Death            Conj/Necr      0%         2d5       26%         1
 Necrotise                Necr           0%         1d4       26%         1
 Shock                    Conj/Air       0%         1d3       26%         1
 Slow                     Hex            0%         N/A       26%         1
 Call Imp                 Summ           0%         N/A       38%         2
 Cigotuvi's Dreadful Rot  Necr/Alch/Air  0%         N/A       38%         2
 Ensorcelled Hibernation  Hex/Ice        0%         N/A       38%         2
 Lesser Beckoning         Tloc           0%         N/A       38%         2
 Mercury Vapours          Alch/Air       0%         N/A       38%         2
 Scorch                   Fire           0%         2d5       38%         2
 Searing Ray              Conj           0%         2d4       38%         2
 Static Discharge         Conj/Air       0%         3-3/arc   38%         2
 Call Canine Familiar     Summ           0%         N/A       63%         3
 Dazzling Flash           Conj/Hex       0%         N/A       63%         3
 Frozen Ramparts          Ice            0%         1d1       63%         3
 Fugue of the Fallen      Necr           0%         N/A       63%         3
 Gell's Gravitas          Tloc           0%         N/A       63%         3
 Hailstorm                Conj/Ice       0%         3d5       63%         3
 Inner Flame              Hex/Fire       0%         N/A       63%         3
 Mephitic Cloud           Conj/Alch/Air  0%         N/A       63%         3
 Ozocubu's Armour         Ice            0%         N/A       63%         3
 Passwall                 Erth           0%         N/A       63%         3
 Sigil of Binding         Hex            0%         N/A       63%         3
 Swiftness                Air            0%         N/A       63%         3
 Teleport Other           Tloc           0%         N/A       63%         3
 Tukima's Dance           Hex            0%         N/A       63%         3
 Volatile Blastmotes      Fire/Tloc      0%         2d10      63%         3
 Airstrike                Air            0%         2d(0-16)  95%         4
 Anguish                  Hex/Necr       0%         N/A       95%         4
 Brom's Barrelling Bould  Conj/Erth      0%         2d3       95%         4
 Cause Fear               Hex            0%         N/A       95%         4
 Dimensional Bullseye     Hex/Tloc       0%         N/A       95%         4
 Dispel Undead            Necr           0%         3d6       95%         4
 Flame Wave               Conj/Fire      0%         2d4       95%         4
 Ignite Poison            Fire/Alch      0%         N/A       95%         4
 Iskenderun's Mystic Bla  Conj/Tloc      0%         2d3       95%         4
 Leda's Liquefaction      Alch/Erth      0%         N/A       95%         4
 Manifold Assault         Tloc           0%         N/A       95%         4
 Olgreb's Toxic Radiance  Alch           0%         N/A       95%         4
 Passage of Golubria      Tloc           0%         N/A       95%         4
 Petrify                  Alch/Erth      0%         N/A       95%         4
 Sticky Flame             Fire/Alch      0%         2d4       95%         4
 Summon Blazeheart Golem  Fire/Summ      0%         N/A       95%         4
 Summon Lightning Spire   Summ/Air       0%         N/A       95%         4
 Vhi's Electric Charge    Tloc/Air       0%         N/A       95%         4
 Alistair's Intoxication  Alch           0%         N/A       100%        5
 Arcjolt                  Conj/Air       0%         1d10      100%        5
 Borgnjor's Vile Clutch   Necr/Erth      0%         N/A       100%        5
 Fireball                 Conj/Fire      0%         3d3       100%        5
 Freezing Cloud           Conj/Ice/Air   0%         6-21      100%        5
 Iskenderun's Battlesphe  Conj           0%         2d6       100%        5
 Metabolic Englaciation   Hex/Ice        0%         N/A       100%        5
 Silence                  Hex/Air        0%         N/A       100%        5
 Summon Forest            Summ/Tloc      0%         N/A       100%        5
 Summon Mana Viper        Hex/Summ       0%         N/A       100%        5
 Bombard                  Conj/Erth      0%         9d1       100%        6
 Conjure Ball Lightning   Conj/Air       0%         3x3d6     100%        6
 Death Channel            Necr           0%         N/A       100%        6
 Dispersal                Tloc           0%         N/A       100%        6
 Eringya's Noxious Bog    Alch           0%         4d6       100%        6
 Plasma Beam              Fire/Air       0%         2x1d10    100%        6
 Sculpt Simulacrum        Ice/Alch       0%         N/A       100%        6
 Starburst                Conj/Fire      0%         6d3       100%        6
 Summon Cactus Giant      Summ           0%         N/A       100%        6
 Enfeeble                 Hex            0%         N/A       100%        7
 Haunt                    Necr/Summ      0%         N/A       100%        7
 Malign Gateway           Summ/Tloc      0%         N/A       100%        7
 Orb of Destruction       Conj           0%         9d5       100%        7
 Ozocubu's Refrigeration  Ice            0%         4d7       100%        7
 Spellforged Servitor     Conj/Summ      0%         N/A       100%        7
 Summon Hydra             Summ           0%         N/A       100%        7
 Borgnjor's Revivificati  Necr           0%         N/A       100%        8
 Discord                  Hex            0%         N/A       100%        8
 Disjunction              Tloc           0%         N/A       100%        8
 Ignition                 Fire           0%         3d3       100%        8
 Infestation              Necr           0%         N/A       100%        8
 Lehudib's Crystal Spear  Conj/Erth      0%         10d2      100%        8
 Maxwell's Capacitive Co  Air            0%         ∞         100%        8
 Chain Lightning          Conj/Air       0%         N/A       100%        9
 Death's Door             Necr           0%         N/A       100%        9
 Fire Storm               Conj/Fire      0%         5d1       100%        9
 Polar Vortex             Ice            0%         N/A       100%        9
 Shatter                  Erth           0%         3d5*      100%        9
 Sublimation of Blood     Necr           Unusable   N/A       N/A         2
 Animate Dead             Necr           Unusable   N/A       N/A         4

Dungeon Overview and Level Annotations

Branches:
Dungeon (15/15)            Temple (1/1) D:5            Lair (5/5) D:11
 Shoals (4/4) Lair:3        Snake (4/4) Lair:3        Slime (5/5) Lair:4
    Orc (2/2) D:10            Elf (3/3) Orc:2        Vaults (5/5) D:14
  Crypt (3/3) Vaults:2       Tomb (3/3) Crypt:3      Depths (4/4) D:15
   Hell (visited)             Dis (4/7) Hell            Geh (0/7) Hell
    Coc (0/7) Hell            Tar (0/7) Hell            Zot (5/5) Depths:4
  Sewer (visited)           IceCv (visited)         Volcano (visited)
 WizLab (visited)

Altars:
Ashenzari
Cheibriados
Dithmenos
Elyvilon
Fedhas
Gozag
Hepliaklqana
Kikubaaqudgha
Makhleb
Nemelex Xobeh
Okawaru
Qazlal
Ru
Sif Muna
Trog
Uskayaw
Vehumet
Wu Jian
Xom
Yredelemnul
Zin
The Shining One
Beogh
Jiyva

Shops:
D:4 =   D:9 =   D:13 *   D:15 *   Orc:2 [(([?(   Elf:1 (   Elf:2 *[   Elf:3 (*
Lair:2 ?   Lair:5 [[   Shoals:3 (   Snake:1 [   Snake:2 [   Snake:3 =:=
Snake:4 *   Vaults:1 *   Vaults:2 *?[*!   Vaults:4 =   Vaults:5 ???
Depths:1 (

Portals:
Hell: Depths:1 Depths:2 Depths:3 Depths:4
Abyss: Depths:3
Pandemonium: Depths:2
Ziggurat: Depths:1


Innate Abilities, Weirdness & Mutations

You are a lightning-filled tempest!
Your electrical attacks strike out in all directions at once.
You are incredibly evasive.
Your insubstantial body is immune to petrification, constriction, and being set on fire You are flying.
Your armour is entirely melded.
You are incapable of wielding weapons or throwing items.
You are too large for most types of armour.
You are immune to poison.
((You have a pair of small horns on your head.))
((You have tough skin. (AC +1)))
You gain doubled healing and magic from potions.
Whenever you drink a healing potion, you attack all around you.
((You have large cloven feet.))
You possess an exceptional clarity of mind.
((Your flesh is cold resistant. (rC+)))
Your body often deteriorates upon taking damage.
Your natural rate of healing is unusually fast.
((You are covered in fur. (AC +1)))
Your muscles are strong. (Str +4, Int/Dex -1)
You occasionally lose the ability to read scrolls when taking damage.


Message History

Okay, then.
You see here a +0 dagger.
You see here a hobgoblin skeleton.
Things that are here:
a +0 club; a jackal skeleton An Orb Guardian comes into view.
You blast the Orb Guardian!!!!
You kill the Orb Guardian!
No target in view!
No target in view!
No target in view!
No target in view!
No target in view!
No target in view!
No target in view!
No target in view!
No target in view!
No target in view!
No target in view!
No target in view!
You now have 7595 gold pieces (gained 15).
There is an open door here.
A hell beast comes into view.
There is an open door here.
The hell beast barely misses you.
The hell beast completely misses you. x3
You closely miss the hell beast. You punch the hell beast!!
The hell beast is moderately wounded.
You blast the hell beast!!!!
Lightning courses through the hell beast!
You kill the hell beast!
No target in view!
No target in view!
No target in view!
No target in view!
No target in view!
No target in view!
No target in view!
There is an open door here.
There is a staircase leading out of the dungeon here.
You have escaped!

#####################
........'.....'...$.#
####...##.⌠..##....##
##...###...###...##
##...## #..## #..##
#...## #.## #.##
...## #'#####'#####
^.## #.....+.....#
.## #....##.v..## ##
#...###...## # #..##
#..## #.## #.##
######### # #....###
###########......#
.........##...##.#
............#.##.###


There were no monsters in sight!

Vanquished Creatures
  the Royal Jelly (Slime:5)
  2 pandemonium lords
  Tiamat (Zot:2)
  Frederick (Crypt:3)
  4 dread liches
  Mara (Depths:1)
  8 ancient liches
  4 orbs of fire
  2 juggernauts (Depths:2)
  The ghost of Feng the Slayer, a veteran OnBe of Trog (Zot:2)
  Josephina (Crypt:2)
  Boris (thrice) (Crypt:3 Depths:4 Tomb:1)
  29 royal mummies
  Vv (Crypt:3)
  Bai Suzhen (Shoals:4)
  3 Killer Klowns (Zot:5)
  A shard shrike (Zot:3)
  Geryon (Hell)
  14 caustic shrikes
  7 curse toes
  Margery (Depths:4)
  7 golden dragons
  A profane servitor (Depths:4)
  6 electric golems
  5 bone dragons
  A shard shrike zombie (Crypt:1)
  The ghost of Qoas the Severer, an adept GnCA of Ignis (Vaults:2)
  An iron giant (Dis:3)
  2 Ice Fiends (IceCv)
  19 tentacled monstrosities
  A Tzitzimitl (Zot:1)
  4 Hell Sentinels
  31 Orb Guardians
  Jorgrun (D:15)
  The ghost of gosagan the Shatterer, an adept MDRe of Hepliaklqana (Vaults:3)
  Asterion (Vaults:1)
  A walking earthen tome (Depths:2)
  6 liches
  3 titans
  A searing wretch (Depths:4)
  4 deep elf master archers (Elf:3)
  8 quicksilver dragons
  2 walking frostbound tomes (Depths:2)
  25 acid blobs
  8 sphinxes
  An eldritch tentacle (Tomb:2)
  4 krakens (Shoals:1)
  5 deep elf blademasters
  An Executioner (D:14)
  Frances (Snake:1)
  20 ancient champions
  12 shadow dragons
  Agnes (D:15)
  Kirke (Lair:4)
  13 death cobs
  12 azure jellies
  A tentacled starspawn (Abyss:3)
  15 storm dragons
  11 tengu reavers
  3 revenants
  Aizul (Snake:3)
  A demonspawn warmonger (Depths:1)
  4 draconian knights
  6 protean progenitors
  Donald (Vaults:1)
  5 nagarajas (Snake:4)
  19 fire giants
  10 frost giants
  4 draconian shifters (Zot:2)
  4 quicksilver elementals
  3 draconian monks
  14 rockslimes
  9 draconian scorchers
  2 iron dragons
  11 vault wardens
  Louise (Snake:4)
  5 deep elf elementalists (Elf:3)
  5 ghost moths
  6 reapers
  3 balrugs
  3 deep elf sorcerers
  2 draconian stormcallers
  7 orc warlords
  25 ironbound preservers
  A curse skull (Crypt:3)
  An angel (WizLab)
  A broodmother (Zot:3)
  A demonspawn corrupter (Depths:1)
  4 spriggan defenders
  4 ghouls
  A demonspawn blood saint (D:8)
  6 draconian annihilators
  19 quicksilver oozes
  A juggernaut skeleton (Tomb:3)
  12 formless jellyfish
  17 stone giants
  36 very ugly things
  18 black draconians
  2 deep elf demonologists (Vaults:5)
  Nessos (D:13)
  22 vampire knights
  6 dire elephants
  12 ironbound thunderhulks
  2 lorocyprocas (Hell)
  10 green draconians
  11 war gargoyles
  7 bennus
  11 deep elf death magi
  13 yellow draconians
  Azrael (D:15)
  10 deep elf annihilators
  13 purple draconians
  14 white draconians
  7 iron golems
  6 red draconians
  7 spark wasps
  A crystal guardian (WizLab)
  3 eidola
  10 merfolk javelineers
  23 mummy priests
  3 entropy weavers
  A green death (D:15)
  15 jiangshi
  11 merfolk impalers
  15 ettins
  2 blizzard demons (Abyss:3)
  9 fire dragons
  3 deep elf high priests
  5 salamander tyrants
  11 great orbs of eyes
  35 vault guards
  6 caustic shrike simulacra
  13 ice dragons
  2 hydras
  A hell beast (D:1)
  19 yaktaur captains
  Erolcha (D:13)
  An anaconda (shapeshifter) (Vaults:5)
  10 peacekeepers
  2 alligator snapping turtles
  6 ironbound frosthearts
  2 rakshasas
  A two-headed ogre (shapeshifter) (D:15)
  3 alligators
  2 ogre magi
  8 spriggan air magi
  6 merfolk aquamancers
  3 merfolk avatars
  4 centaur warriors
  10 deep troll shamans
  3 satyrs
  12 anacondas
  3 death knights
  26 dancing weapons
  Erica (Orc:1)
  4 boulder beetles
  7 naga warriors
  5 thrashing horrors (Abyss:3)
  8 deep troll earth magi
  A sphinx skeleton (Crypt:2)
  88 death scarabs
  10 death yaks
  12 two-headed ogres
  A hell hog (Lair:5)
  12 vampire magi
  3 titan zombies
  6 spriggan berserkers
  2 orc high priests (Vaults:4)
  10 tengu warriors
  5 soul eaters
  12 deep elf knights
  28 hell knights
  5 shock serpents
  11 naga sharpshooters
  3 occultists
  6 sun demons
  A wretched star (Abyss:3)
  Nergalle (Lair:3)
  Sonja (D:13)
  6 iron trolls
  2 titan skeletons
  7 crystal echidnas
  6 sixfirhies
  41 skeletal warriors
  8 salamander mystics
  5 skysharks
  8 flayed ghosts
  2 glowing orange brains
  56 deep trolls
  2 iron giant zombies
  15 sea snakes
  A shadow demon (Depths:1)
  2 arcanists
  2 shadow wraiths (Crypt:3)
  15 mana vipers
  A bunyip zombie (Crypt:3)
  An orb spider (shapeshifter) (Depths:1)
  An orange crystal statue (Zot:5)
  2 anaconda zombies
  2 cherubim
  9 large abominations
  8 naga ritualists
  2 spriggan simulacra
  A mana viper (shapeshifter) (Vaults:5)
  19 harpies
  24 deep elf pyromancers
  7 bog bodies
  29 phantasmal warriors
  Pikel (D:7)
  15 ironbound convokers
  4 lindwurms (Lair:5)
  11 deep elf archers
  A lindwurm (shapeshifter) (D:15)
  2 obsidian statues (IceCv)
  An anaconda skeleton (Hell)
  14 ugly things
  A harpy (shapeshifter) (Vaults:5)
  8 lightning spires
  7 necromancers
  19 deep elf zephyrmancers
  3 shining eyes
  15 orc knights
  4 wolf spiders
  3 orc sorcerers
  19 salamanders
  10 manticores
  5 cyclopes
  2 fauns (shapeshifter)
  4 kobold blastminers
  An alligator skeleton (Crypt:1)
  A frost giant skeleton (Crypt:3)
  2 naga zombies (Crypt:3)
  6 meliai (Depths:2)
  13 fauns
  4 stone giant skeletons
  22 moths of wrath
  12 merfolk sirens
  12 elephants
  55 black mambas
  A toenail golem (D:8)
  An apocalypse crab (Abyss:3)
  4 guardian serpents
  9 cane toads
  3 orange demons
  18 vault sentinels
  10 molten gargoyles
  8 rust devils
  8 gargoyles (WizLab)
  9 naga magi
  6 torpor snails
  2 dire elephant zombies
  5 water nymphs
  4 dire elephant skeletons
  A cane toad (shapeshifter) (D:15)
  2 centaur skeletons (Tomb:2)
  4 eyes of devastation
  10 smoke demons
  2 unseen horror zombies (D:9)
  23 yaktaurs
  4 rime drakes
  A red draconian skeleton (Crypt:2)
  8 komodo dragons
  An unseen horror (D:10)
  3 hellions
  2 efreet
  10 freezing wraiths
  2 tormentors (Dis:4)
  12 ice devils
  2 anaconda simulacra (Hell)
  3 golden dragon simulacra (IceCv)
  A black draconian skeleton (Crypt:3)
  2 ancient zymes (Abyss:3)
  A white draconian skeleton (Crypt:2)
  7 tengu conjurers
  A bunyip simulacrum (Crypt:2)
  A queen bee (Lair:1)
  3 hydra zombies (Hell)
  A troll (shapeshifter) (D:15)
  4 red devils
  56 merfolk
  33 guardian mummies
  7 trolls
  3 harpy zombies
  11 polar bears
  A glass eye (shapeshifter) (Vaults:5)
  A tarantella (shapeshifter) (D:14)
  6 tyrant leeches
  An ice dragon zombie (Hell)
  16 blink frogs
  5 wind drakes
  A harpy skeleton (Tomb:2)
  A hellwing (Depths:4)
  5 glass eyes
  15 hornets
  A snapping turtle (shapeshifter) (Depths:2)
  16 snapping turtles
  21 raiju
  A stone giant simulacrum (Crypt:2)
  132 slime creatures
  4 dream sheep (Shoals:3)
  24 water elementals
  6 spriggans
  3 culicivoras
  An ice dragon skeleton (Crypt:2)
  2 air elementals (Elf:1)
  11 wraiths
  2 wyverns
  7 ushabtiu
  3 ynoxinuls (Abyss:3)
  46 yaks
  5 humans (D:14)
  A yak (shapeshifter) (D:15)
  A spriggan (shapeshifter) (Vaults:4)
  A hog (Lair:4)
  A wind drake zombie (Crypt:2)
  7 fire elementals
  2 ettin skeletons
  6 basilisks
  A warg (shapeshifter) (Elf:2)
  6 golden eyes
  A basilisk (shapeshifter) (D:13)
  4 neqoxecs
  2 redbacks
  3 swamp worms (Zot:3)
  Menkaure (D:4)
  2 harpy simulacra
  4 chaos spawn
  39 nagas
  6 wargs
  A deep troll zombie (Crypt:3)
  An acid dragon (D:9)
  14 water moccasins
  17 hell hounds
  An entropy weaver zombie (Crypt:1)
  4 hydra simulacra
  Duvessa (D:4)
  An ice beast (D:5)
  A sky beast (D:7)
  12 black bears
  A hornet zombie (Crypt:3)
  44 orc warriors
  5 ogres
  35 laughing skulls
  41 wolves
  An ettin simulacrum (IceCv)
  6 boggarts
  9 centaurs
  40 starcursed masses (Abyss:3)
  3 kobold brigands
  A brain worm (Abyss:3)
  11 bullfrogs
  A cyclops zombie (Crypt:2)
  A salamander skeleton (Crypt:2)
  2 gnoll sergeants
  5 earth elementals
  5 scorpions
  5 small abominations
  11 wights
  Dowan (D:4)
  A lindwurm simulacrum (IceCv)
  30 killer bees
  A polar bear zombie (Crypt:1)
  A vampire bat (Lair:3)
  4 electric eels
  3 howler monkeys
  4 lava snakes
  3 bombardier beetles
  3 centaur zombies
  A quasit (Abyss:3)
  A hound (D:6)
  6 jellies
  27 orc priests
  Crazy Yiuf (D:7)
  3 gnoll boudas
  An iron imp (Abyss:3)
  3 sleepcaps
  Natasha (thrice) (D:4)
  An iguana (shapeshifter) (Depths:3)
  2 iguanas (D:5)
  33 orc wizards
  A boggart skeleton (Crypt:1)
  18 hell rats (Hell)
  2 tengu skeletons
  34 mummies
  Robin (D:4)
  15 gnolls
  17 adders
  3 white imps
  An iguana zombie (Crypt:2)
  A lava snake skeleton (Crypt:1)
  5 dart slugs
  5 ribbon worms
  90 orcs
  14 ball pythons
  12 bats
  6 endoplasms
  5 giant cockroaches
  13 goblins
  12 hobgoblins
  13 jackals
  A quokka (D:2)
  A ball python skeleton (Crypt:1)
  A bombardier beetle zombie (Crypt:3)
  4 frilled lizards
  17 kobolds
  A kobold skeleton (Crypt:2)
  An orc skeleton (Crypt:3)
  15 rats
  A rat skeleton (Crypt:1)
  4 aspiring fleshes
  A starspawn tentacle (Abyss:3)
  15 tentacles (Shoals:1)
3328 creatures vanquished.

Vanquished Creatures (collateral kills)
  A royal mummy (Tomb:1)
  3 bennus (Tomb:2)
  2 mummy priests (Tomb:2)
  A spriggan zombie (Tomb:2)
  9 death scarabs
  2 skeletal warriors (Tomb:2)
  6 guardian mummies
  2 ushabtiu (Tomb:2)
  9 mummies
35 creatures vanquished.

Vanquished Creatures (others)
  6 royal mummies
  2 mummy priests (Tomb:3)
  A death scarab (Tomb:3)
  An occultist (Elf:1)
  2 deep elf knights
  A deep elf zephyrmancer (Elf:3)
  A merfolk siren (Shoals:4)
  A gargoyle (WizLab)
  6 guardian mummies
  A centaur simulacrum (Tomb:2)
  An ushabti (Tomb:1)
  A fire elemental (D:15)
  3 humans
  A water moccasin (Lair:4)
  2 mummies (Tomb:2)
  A starspawn tentacle (Abyss:3)
  19 tentacles (Shoals:1)
50 creatures vanquished.

Grand Total: 3413 creatures vanquished

Notes
Turn   | Place    | Note
-------+----------+-------------------------------------------
     0 | D:1      | Ikimono the Oni Shapeshifter began the quest for the Orb.
     0 | D:1      | Reached XP level 1. HP: 19/19 MP: 1/1
    59 | D:1      | Reached XP level 2. HP: 22/27 MP: 2/2
   244 | D:1      | Reached XP level 3. HP: 29/33 MP: 3/3
   472 | D:1      | Found a faded altar of an unknown god.
   534 | D:1      | Reached XP level 4. HP: 41/41 MP: 4/4
  1316 | D:2      | Reached XP level 5. HP: 37/49 MP: 5/5
  2159 | D:3      | Found a glowing drain.
  2179 | Sewer    | Entered a sewer
  2192 | Sewer    | Reached XP level 6. HP: 54/57 MP: 6/6
  2366 | Sewer    | Reached skill level 5 in Unarmed Combat
  2366 | Sewer    | Reached skill level 5 in Shapeshifting
  2834 | D:3      | Found a hazy altar of Hepliaklqana.
  2837 | D:3      | Found a shadowy altar of Dithmenos.
  2837 | D:3      | Noticed a shadow
  2904 | D:4      | Found Genulyzymp's Jewellery Shoppe.
  2906 | D:4      | Noticed Robin
  2951 | D:4      | Killed Robin
  3203 | D:4      | Noticed Duvessa
  3204 | D:4      | Noticed Dowan
  3205 | D:4      | Noticed Menkaure
  3287 | D:4      | Killed Menkaure
  3287 | D:4      | Killed Duvessa
  3288 | D:4      | Reached XP level 7. HP: 35/66 MP: 7/7
  3295 | D:4      | Killed Dowan
  3451 | D:4      | Noticed Natasha
  3465 | D:4      | Killed Natasha
  3573 | D:4      | Noticed Natasha
  3580 | D:4      | Killed Natasha
  3660 | D:4      | Reached XP level 8. HP: 37/74 MP: 8/8
  3819 | D:4      | Noticed Natasha
  3826 | D:4      | Killed Natasha
  3962 | D:5      | Entered Level 5 of the Dungeon
  4282 | D:5      | Found a staircase to the Ecumenical Temple.
  4300 | Temple   | Entered the Ecumenical Temple
  4320 | Temple   | Became a worshipper of Gozag Ym Sagoz the Greedy
  4358 | D:5      | Found a shimmering altar of Xom.
  4554 | D:5      | Found a radiant altar of Vehumet.
  5098 | D:5      | Reached XP level 9. HP: 83/83 MP: 9/9
  5120 | D:5      | Found a shimmering blue altar of Sif Muna.
  5521 | D:6      | Got the Parchment of Location and Coffins
  5613 | D:6      | Found a sparkling altar of Nemelex Xobeh.
  5753 | D:6      | Found a glowing golden altar of the Shining One.
  5834 | D:6      | Found a white marble altar of Elyvilon.
  5918 | D:7      | Noticed Pikel
  5923 | D:7      | Killed Pikel
  6238 | D:7      | Reached XP level 10. HP: 92/92 MP: 10/10
  6347 | D:7      | Found a runed translucent door.
  6348 | D:7      | Noticed Crazy Yiuf
  7299 | D:7      | Killed Crazy Yiuf
  7404 | D:8      | Reached skill level 10 in Unarmed Combat
  8282 | D:8      | Found a glowing silver altar of Zin.
  8282 | D:8      | Found a bloodstained altar of Trog.
  8767 | D:4      | Bought an amulet of regeneration for 360 gold pieces
  9105 | D:9      | Reached skill level 5 in Fighting
  9105 | D:9      | Reached skill level 10 in Shapeshifting
  9268 | D:9      | Reached XP level 11. HP: 69/104 MP: 11/11
  9380 | D:9      | Noticed a two-headed ogre
  9386 | D:9      | Killed a two-headed ogre
  9817 | D:10     | Entered Level 10 of the Dungeon
 10073 | D:10     | Noticed a two-headed ogre
 10081 | D:10     | Killed a two-headed ogre
 10123 | D:10     | Noticed a two-headed ogre
 10130 | D:10     | Killed a two-headed ogre
 10206 | D:10     | Noticed a two-headed ogre
 10222 | D:10     | Killed a two-headed ogre
 10456 | D:10     | Found a staircase to the Orcish Mines.
 10587 | D:11     | Noticed a two-headed ogre
 10604 | D:11     | Killed a two-headed ogre
 10890 | D:11     | Noticed a boulder beetle
 10902 | D:11     | Noticed a skeletal warrior
 10903 | D:11     | Killed a boulder beetle
 10912 | D:11     | Noticed a skeletal warrior
 10918 | D:11     | Noticed a skeletal warrior
 11077 | D:11     | Killed a skeletal warrior
 11078 | D:11     | Reached XP level 12. HP: 71/114 MP: 12/12
 11373 | D:11     | Found a staircase to the Lair.
 11464 | Lair:1   | Entered Level 1 of the Lair of Beasts
 11567 | D:9      | Bought a granite talisman for 720 gold pieces
 12395 | Lair:1   | Reached skill level 5 in Dodging
 12527 | Lair:2   | Reached XP level 13. HP: 95/124 MP: 13/13
 13514 | Lair:3   | Found a staircase to the Snake Pit.
 13866 | Lair:3   | Found a staircase to the Shoals.
 13972 | Lair:3   | Noticed Nergalle
 13981 | Lair:3   | Killed Nergalle
 14507 | Lair:4   | Reached skill level 15 in Unarmed Combat
 14528 | Lair:4   | Reached XP level 14. HP: 65/135 MP: 14/14
 14643 | Lair:4   | Found a staircase to the Slime Pits.
 14659 | Lair:4   | Found a viscous altar of Jiyva.
 15066 | Lair:4   | Noticed Kirke
 15090 | Lair:4   | Killed Kirke
 15487 | Lair:4   | Identified a scroll of acquirement
 15487 | Lair:4   | Acquired a manual of Shapeshifting
 15542 | Lair:5   | Entered Level 5 of the Lair of Beasts
 15921 | Lair:5   | Reached skill level 15 in Shapeshifting
 15959 | Lair:5   | Found a dark tunnel.
 15964 | Volcano  | Entered a volcano
 15987 | Volcano  | Found a burning altar of Makhleb.
 16539 | Lair:5   | Reached XP level 15. HP: 143/143 MP: 15/15
 17386 | Lair:5   | Bought a warped scarf for 310 gold pieces
 17386 | Lair:5   | Identified the scarf of Sikakkism {harm, Stlth+} (You
                  | bought it in a shop on level 5 of the Lair of Beasts)
 17391 | Lair:5   | Bought the +2 cloak of the Thief {*Fog Slay-2 SInv Stlth+}
                  | for 261 gold pieces
 17391 | Lair:5   | Found the +2 cloak of the Thief {*Fog Slay-2 SInv Stlth+}
 17518 | Orc:1    | Entered Level 1 of the Orcish Mines
 17518 | Orc:1    | Noticed an orc warlord
 17530 | D:10     | Killed an orc warlord
 18112 | Orc:1    | Noticed Erica
 18112 | Orc:1    | Paralysed by an orc sorcerer for 2 turns
 18121 | Orc:1    | Killed Erica
 18252 | Orc:2    | Entered Level 2 of the Orcish Mines
 18268 | Orc:2    | Found a roughly hewn altar of Beogh.
 18384 | Orc:2    | Found Ullaoxt's Weapon Shop.
 18405 | Orc:2    | Found a staircase to the Elven Halls.
 18707 | Orc:2    | Found a roughly hewn altar of Beogh.
 18776 | Orc:2    | Found a roughly hewn altar of Beogh.
 18837 | Orc:2    | Found a roughly hewn altar of Beogh.
 18838 | Orc:2    | Found Pecutob's Antique Armour Shoppe.
 18913 | Orc:2    | Found a roughly hewn altar of Beogh.
 18914 | Orc:2    | Found Koad's Antique Weapon Shoppe.
 19015 | Orc:2    | Noticed an orc warlord
 19026 | Orc:2    | Killed an orc warlord
 19069 | Orc:2    | Found Kueg's Antique Armour Shop.
 19071 | Orc:2    | Found a roughly hewn altar of Beogh.
 19073 | Orc:2    | Found Mouhimof's Antique Weapon Boutique.
 19514 | D:12     | Found a shadowy altar of Dithmenos.
 20009 | D:13     | Noticed Sonja
 20015 | D:13     | Killed Sonja
 20128 | D:13     | Reached XP level 16. HP: 153/153 MP: 16/16
 20156 | D:13     | Found a portal to a secret trove of treasure.
 20169 | D:13     | You paid a toll of 3 potions of resistance to enter a
                  | treasure trove
 20170 | Trove    | Entered a treasure trove
 20220 | Trove    | Identified the amulet "Kaqudeic" {Spirit Int+5}
 20245 | Trove    | Identified the staff of the Sky {Will+ Int+3 Earth}
 20399 | D:13     | Found a broken altar of Ashenzari.
 20422 | D:13     | Noticed Nessos
 20436 | D:13     | Killed Nessos
 20605 | D:13     | Noticed Erolcha
 20620 | D:13     | Killed Erolcha
 20830 | D:14     | Found an opulent altar of Gozag.
 20876 | D:14     | Reached skill level 10 in Dodging
 21145 | D:14     | Found a gate to the Vaults.
 21552 | D:15     | Entered Level 15 of the Dungeon
 21815 | D:15     | Noticed Agnes
 21975 | D:15     | Killed Agnes
 22198 | D:15     | Noticed Azrael
 22205 | D:15     | Noticed Jorgrun
 22207 | D:15     | Killed Azrael
 22221 | D:15     | Killed Jorgrun
 22716 | D:15     | Found Tone's Assorted Antiques.
 22726 | D:15     | Bought a scroll of acquirement for 1508 gold pieces
 22726 | D:15     | Acquired 676 gold pieces
 22920 | D:15     | Found a staircase to the Depths.
 23140 | Snake:1  | Entered Level 1 of the Snake Pit
 23172 | Snake:1  | Found Atuffuy's Armour Boutique.
 23250 | Snake:1  | Noticed Frances
 23265 | Snake:1  | Killed Frances
 23467 | Snake:1  | Reached XP level 17. HP: 163/163 MP: 17/17
 23847 | Snake:2  | Found a burning altar of Makhleb.
 23978 | Snake:2  | Found Boivvusa's Antique Armour Boutique.
 24623 | Snake:3  | Found a glacial archway.
 24687 | IceCv    | Entered an ice cave
 25173 | IceCv    | Noticed an Ice Fiend
 25173 | IceCv    | Noticed an Ice Fiend
 25175 | IceCv    | Killed an Ice Fiend
 25179 | IceCv    | Killed an Ice Fiend
 25728 | Snake:3  | Found Yleups's Jewellery Shoppe.
 25728 | Snake:3  | Found Filaej's Book Boutique.
 25729 | Snake:3  | Found Zyamp's Jewellery Shoppe.
 25729 | Snake:3  | Identified the serpent talisman "Ishruid" {rF+ Will+ Dex-2}
 25729 | Snake:3  | Noticed Aizul
 25737 | Snake:3  | Killed Aizul
 25749 | Snake:3  | Bought the amulet "Ceiguysh" {Will+ Regen+ Dex+3} for 929
                  | gold pieces
 25853 | Snake:4  | Entered Level 4 of the Snake Pit
 25882 | Snake:4  | Reached XP level 18. HP: 103/174 MP: 1/18
 25894 | Snake:3  | Reached skill level 10 in Fighting
 26010 | Snake:4  | Noticed Louise
 26010 | Abyss:3  | Cast into level 3 of the Abyss (Louise)
 26046 | Abyss:3  | Noticed a bone dragon
 26053 | Abyss:3  | Killed a bone dragon
 26056 | Abyss:3  | Gained mutation: You do not regenerate when monsters are
                  | visible. [a neqoxec]
 26062 | Abyss:3  | Found a corrupted altar of Lugonu.
 26069 | Snake:4  | Escaped the Abyss
 26074 | Snake:4  | Killed Louise
 26077 | Snake:4  | Lost mutation: You do not regenerate when monsters are
                  | visible. [potion of mutation]
 26077 | Snake:4  | Gained mutation: You are robust. (+10% HP) [potion of
                  | mutation]
 26077 | Snake:4  | Gained mutation: Your spells are a little harder to cast,
                  | but a little more powerful. [potion of mutation]
 26077 | Snake:4  | Gained mutation: You passively map a small area around you.
                  | [potion of mutation]
 27544 | Snake:4  | Noticed a quicksilver dragon
 27553 | Snake:4  | Killed a quicksilver dragon
 27665 | Snake:4  | Got a serpentine rune of Zot
 27894 | Shoals:1 | Entered Level 1 of the Shoals
 28368 | Shoals:1 | Reached XP level 19. HP: 202/202 MP: 19/19
 28726 | Shoals:1 | Identified the +4 great sword of Fassemoe {spect, Int+3}
 29106 | Shoals:2 | Identified the +3 shortbow "Pendulum" {flame, rC++ Stlth+}
 29136 | Shoals:2 | Identified the +1 war axe of Accord {protect, +Blink rN+
                  | Stlth+}
 29844 | Shoals:3 | Found Pajaz's Firing Range.
 30257 | Shoals:4 | Entered Level 4 of the Shoals
 30399 | Shoals:4 | Got the Discursus on Desecration and the Blink Frog
 30437 | Shoals:4 | Found a flickering gateway to a bazaar.
 30678 | Shoals:4 | Noticed Bai Suzhen
 30689 | Shoals:4 | Killed Bai Suzhen
 30745 | Bazaar   | Entered a bazaar
 30745 | Bazaar   | Found Xellubbe's Jewellery Boutique.
 30745 | Bazaar   | Found Mucwiagu's Book Boutique.
 30774 | Bazaar   | Found Utiule's Book Shop.
 30823 | Bazaar   | Found Ruthrait's Jewellery Boutique.
 30856 | Bazaar   | Bought a storm talisman for 1440 gold pieces
 31013 | Shoals:4 | Identified the +5 orcbow "Killer Klown's Death" {flame,
                  | rPois MP+9 Int+5 Stlth-}
 31334 | Shoals:4 | Got a barnacled rune of Zot
 31376 | Abyss:3  | Cast into level 3 of the Abyss (merfolk impaler)
 31496 | Abyss:3  | Reached XP level 20. HP: 205/208 MP: 18/20
 31591 | Shoals:4 | Escaped the Abyss
 31801 | Shoals:4 | Identified the staff of Forgiveness {*Corrode rF+ rC- Int+8
                  | Stlth+ Fire}
 32154 | Elf:1    | Entered Level 1 of the Elven Halls
 32519 | Elf:1    | Found Omun's Antique Weapon Boutique.
 32864 | Elf:1    | Paralysed by an air elemental for 1 turns
 32866 | Elf:1    | Paralysed by an air elemental for 1 turns
 33356 | Elf:2    | Found a runed translucent gate.
 33356 | Elf:2    | Found a runed translucent gate.
 33367 | Elf:2    | Found a runed translucent gate.
 33395 | Elf:2    | Found Meukh's Armour Emporium.
 33445 | Elf:2    | Reached skill level 15 in Dodging
 34082 | Elf:2    | Identified the ring "Atottent" {Fire rElec rN++ Int-4}
 34089 | Elf:2    | Lost mutation: Your spells are a little harder to cast, but
                  | a little more powerful. [mutagenic glow]
 34095 | Elf:2    | Gained mutation: You are dopey. (Int -2) [mutagenic glow]
 34111 | Elf:2    | Gained mutation: Your body sometimes deteriorates upon
                  | taking damage. [mutagenic glow]
 34455 | Elf:2    | Lost mutation: You are robust. (+10% HP) [potion of
                  | mutation]
 34455 | Elf:2    | Lost mutation: You are dopey. (Int -2) [potion of mutation]
 34455 | Elf:2    | Lost mutation: You passively map a small area around you.
                  | [potion of mutation]
 34455 | Elf:2    | Gained mutation: You passively map a small area around you.
                  | [potion of mutation]
 34455 | Elf:2    | Gained mutation: You have large cloven feet. [potion of
                  | mutation]
 34455 | Elf:2    | Gained mutation: You occasionally lose the ability to read
                  | scrolls when taking damage. [potion of mutation]
 34455 | Elf:2    | Gained mutation: You passively map the area around you.
                  | [potion of mutation]
 34456 | Elf:2    | Lost mutation: You occasionally lose the ability to read
                  | scrolls when taking damage. [potion of mutation]
 34456 | Elf:2    | Lost mutation: You passively map the area around you.
                  | [potion of mutation]
 34456 | Elf:2    | Lost mutation: You passively map a small area around you.
                  | [potion of mutation]
 34456 | Elf:2    | Gained mutation: You are strong-willed. (Will+) [potion of
                  | mutation]
 34456 | Elf:2    | Gained mutation: Your movements are slightly less
                  | encumbered by armour. (ER -2) [potion of mutation]
 34457 | Elf:2    | Lost mutation: Your movements are slightly less encumbered
                  | by armour. (ER -2) [potion of mutation]
 34457 | Elf:2    | Lost mutation: Your body sometimes deteriorates upon taking
                  | damage. [potion of mutation]
 34457 | Elf:2    | Gained mutation: You are covered in fur. (AC +1) [potion of
                  | mutation]
 34457 | Elf:2    | Gained mutation: You possess an exceptional clarity of
                  | mind. [potion of mutation]
 34457 | Elf:2    | Gained mutation: Your magical capacity is low. (-10% MP)
                  | [potion of mutation]
 34457 | Elf:2    | Gained mutation: Your mind is acute. (Int +4, Str/Dex -1)
                  | [potion of mutation]
 34615 | Abyss:3  | Cast into level 3 of the Abyss (+1 quick blade of
                  | distortion)
 34629 | Abyss:3  | Noticed an ancient lich
 34634 | Abyss:3  | Killed an ancient lich
 34831 | Abyss:3  | Noticed a bone dragon
 34851 | Abyss:3  | Killed a bone dragon
 34857 | Elf:2    | Escaped the Abyss
 35219 | Elf:2    | Identified the blade talisman of the Mind {rElec rCorr
                  | Dex-2 SInv}
 35399 | Elf:3    | Entered Level 3 of the Elven Halls
 35414 | Elf:3    | Found Fejawo's Antique Weapon Boutique.
 35456 | Elf:3    | Found Cede's General Store.
 35463 | Elf:3    | Bought a potion of heal wounds for 105 gold pieces
 35729 | Elf:3    | Identified the +5 double sword of Disarray {flame, +Blink
                  | rPois Will+ Str-4}
 35738 | Elf:3    | Reached XP level 21. HP: 165/204 MP: 18/18
 37407 | Elf:3    | Reached skill level 1 in Evocations
 37812 | Elf:3    | Identified the +2 dire flail of Xievoit {freeze, rC+ rN+
                  | Will+ Str-5}
 38521 | Elf:3    | Identified the +1 spear of the Mauling Messenger {freeze,
                  | rPois Str+3 Int+2}
 38579 | Elf:3    | Got the Grimoire of Interference
 38595 | Elf:3    | Identified the staff "Nasamuth" {rF+ rN+ Will- Int+3 Necro
                  | Fire Air}
 38596 | Elf:3    | Identified the amulet "Hagauwno" {Faith Dex+3}
 38608 | Elf:3    | Got the Omnibus of Portals and Scree
 38627 | Elf:3    | Found the +3 crown of Dyrovepreva {rElec Int+2 SInv}
 38653 | Elf:3    | Found the +5 demon whip "Spellbinder" {antimagic, disrupt,
                  | Will+}
 38992 | Vaults:1 | Entered Level 1 of the Vaults
 39522 | Vaults:1 | Found Utif's Assorted Antiques.
 39538 | Vaults:1 | Bought 2 potions of heal wounds for 220 gold pieces
 39538 | Vaults:1 | Bought a potion of curing for 66 gold pieces
 39857 | Vaults:1 | Noticed Donald
 39868 | Vaults:1 | Killed Donald
 39926 | Vaults:1 | Noticed Asterion
 39937 | Vaults:1 | Killed Asterion
 41056 | Vaults:2 | Noticed a bone dragon
 41069 | Vaults:2 | Killed a bone dragon
 41113 | Vaults:2 | Found a staircase to the Crypt.
 41149 | Vaults:2 | Found a runed translucent gate.
 41149 | Vaults:2 | Found a runed translucent gate.
 41149 | Vaults:2 | Found a runed translucent gate.
 41149 | Vaults:2 | Noticed Qoas's ghost (adept GnCA)
 42066 | Vaults:2 | Got the Disquisition on Crystallized Resurrection
 42218 | Vaults:2 | Found a viscous altar of Jiyva.
 42320 | Vaults:3 | Reached XP level 22. HP: 214/214 MP: 19/19
 42666 | Vaults:3 | Found a transporter.
 42672 | Vaults:3 | Noticed gosagan's ghost (adept MDRe)
 42715 | Vaults:3 | Found a transporter.
 43472 | Vaults:3 | Killed gosagan's ghost
 43957 | Elf:3    | Bought a scroll of acquirement for 1092 gold pieces
 43958 | Elf:3    | Acquired the +1 animal skin of Truth {rElec rPois Regen+
                  | Str+3}
 45353 | Vaults:4 | Found Liramuo's Jewellery Boutique.
 45854 | Vaults:2 | Reached XP level 23. HP: 211/222 MP: 20/20
 45859 | Vaults:2 | Killed Qoas's ghost
 45897 | Vaults:2 | Identified the +0 plate armour of Purpose {rF+ Will+ rCorr
                  | Str-5}
 46210 | Slime:1  | Entered Level 1 of the Pits of Slime
 46634 | Slime:1  | Reached skill level 27 in Unarmed Combat
 48960 | Slime:3  | Gained mutation: Armour fits poorly on your strangely
                  | shaped body. [a shining eye]
 48970 | Slime:3  | Gained mutation: Your magical capacity is very low. (-20%
                  | MP) [a shining eye]
 49929 | Slime:4  | Gained mutation: You occasionally lose the ability to read
                  | scrolls when taking damage. [a shining eye]
 49932 | Slime:4  | Gained mutation: You occasionally lose the ability to drink
                  | potions when taking damage. [a shining eye]
 49957 | Slime:4  | Gained mutation: You are weak. (Str -2) [a shining eye]
 50617 | Slime:5  | Entered Level 5 of the Pits of Slime
 50893 | Slime:4  | Lost mutation: Your magical capacity is very low. (-20% MP)
                  | [potion of mutation]
 50893 | Slime:4  | Lost mutation: Your magical capacity is low. (-10% MP)
                  | [potion of mutation]
 50893 | Slime:4  | Gained mutation: You have hoof-like feet. [potion of
                  | mutation]
 50893 | Slime:4  | Gained mutation: You are partially covered in iridescent
                  | scales. (AC +2) [potion of mutation]
 50894 | Slime:4  | Lost mutation: Armour fits poorly on your strangely shaped
                  | body. [potion of mutation]
 50894 | Slime:4  | Lost mutation: You are strong-willed. (Will+) [potion of
                  | mutation]
 50894 | Slime:4  | Gained mutation: Your natural rate of healing is unusually
                  | fast. [potion of mutation]
 51178 | Slime:5  | Noticed the Royal Jelly
 51192 | Slime:5  | Killed the Royal Jelly
 51531 | Slime:5  | Identified the ring "Gujik" {Dex+6 Stlth+}
 51536 | Slime:5  | Got a slimy rune of Zot
 51561 | Slime:5  | Identified the ring of Vehumet's Esteem {rN+ AC+4 Str-3
                  | Int+5 Dex+3}
 52607 | Snake:3  | Bought the amulet "Pyte Ots" {RegenMP rN+ Regen+} for 782
                  | gold pieces
 52915 | Crypt:1  | Entered Level 1 of the Crypt
 52938 | Crypt:1  | Reached XP level 24. HP: 234/234 MP: 23/23
 53957 | Crypt:2  | Found a magical portal.
 53967 | WizLab   | Entered Maxwell's Workshop
 54121 | WizLab   | Identified the ring of the Harvest {Fire rN++ Will+}
 54456 | WizLab   | Identified the ring "Juclyoda" {Ice rElec Int+2 Dex+3}
 54458 | WizLab   | Identified the +2 hand axe "Jysuober" {freeze, rN++ Str-3
                  | Int+6}
 55000 | Crypt:2  | Identified the ring of Hell {Ice Int+3}
 55000 | Crypt:2  | Noticed Josephina
 55008 | Crypt:2  | Killed Josephina
 55248 | Crypt:3  | Entered Level 3 of the Crypt
 55620 | Crypt:3  | Identified the orb of the Cooper {*channel, rC++ Int+2
                  | Slay+4}
 55620 | Crypt:3  | Noticed Frederick
 55629 | Crypt:3  | Killed Frederick
 55781 | Crypt:3  | Found a staircase to the Tomb.
 55989 | Crypt:3  | Found an ancient bone altar of Kikubaaqudgha.
 56033 | Crypt:3  | Reached XP level 25. HP: 244/244 MP: 23/23
 56152 | Crypt:3  | Identified the ring "Arudghen" {rN+ Str+2 Int+3 Dex+3
                  | Stlth+}
 56152 | Crypt:3  | Identified the ring "Jiedween" {rN+ Slay+6}
 56152 | Crypt:3  | Identified the ring of Qazlal's Benevolence {rN+ rCorr
                  | Str+3 Stlth+}
 56394 | Crypt:3  | Noticed Vv
 56416 | Crypt:3  | Killed Vv
 56580 | Crypt:3  | Got Kikubaaqudgha's Book of Stolen Souls
 56756 | Crypt:3  | Identified the +3 robe of Wu Jian's Supremacy {rF+ rN+
                  | Will+ SInv}
 56756 | Crypt:3  | Noticed Boris
 56765 | Crypt:3  | Killed Boris
 57084 | Vaults:5 | Entered Level 5 of the Vaults
 57170 | Vaults:5 | Noticed an ancient lich
 57182 | Vaults:5 | Killed an ancient lich
 57347 | Vaults:5 | Noticed an ancient lich
 57354 | Vaults:5 | Identified the ring "Vetsid" {rElec Will+ MP+9}
 57359 | Vaults:5 | Killed an ancient lich
 57360 | Vaults:5 | Reached skill level 27 in Shapeshifting
 57587 | Vaults:5 | Identified the +3 lajatang "Xulux" {drain, rC+ Str+5}
 57589 | Vaults:5 | Identified the ring "Bifaan Selei" {rF+ rCorr Int+7 Dex-2}
 57628 | Vaults:5 | Noticed an ancient lich
 57635 | Vaults:5 | Killed an ancient lich
 57639 | Vaults:5 | Identified the +11 sling of Supply {freeze, MP+9 Stlth+}
 57671 | Vaults:5 | Reached XP level 26. HP: 258/258 MP: 23/23
 57673 | Vaults:5 | Noticed a dread lich
 57676 | Vaults:5 | Killed a dread lich
 57770 | Vaults:5 | Identified the +2 flail of Tenacity {vamp, rPois}
 57772 | Vaults:5 | Identified the staff "Seitylaz" {rPois rN+ Dex+3 SInv
                  | Necro}
 57786 | Vaults:5 | Got a silver rune of Zot
 58150 | Vaults:5 | Found Joreng's Magic Scroll Boutique.
 58196 | Vaults:5 | Found Asimege's Magic Scroll Shop.
 58230 | Vaults:5 | Reached skill level 15 in Fighting
 58251 | Vaults:5 | Found Jeckoaqy's Magic Scroll Shoppe.
 58354 | Vaults:5 | Identified the +5 dagger of Disembowelment {speed, Will+}
 58697 | Depths:1 | Entered Level 1 of the Depths
 58975 | Depths:1 | Noticed Mara
 58981 | Depths:1 | Noticed Ikimono's illusion
 58984 | Depths:1 | Killed Mara
 59014 | Depths:1 | Found a one-way gateway to a ziggurat.
 59164 | Depths:1 | Found Pynkud's Weapon Emporium.
 59296 | Depths:1 | Identified the ring of Gosush {rElec rC+ SInv}
 59424 | Depths:1 | Got the Lectures on Chilled Composition
 59556 | Depths:1 | Identified the +6 sling of Causality {drain, ^Drain rC+
                  | Dex+6}
 59764 | Depths:1 | Found a gateway to Hell.
 60245 | Depths:2 | Noticed a juggernaut
 60253 | Depths:2 | Killed a juggernaut
 60448 | Depths:2 | Identified the +6 quarterstaff of Wu Jian's Favour {elec,
                  | *Noise *Slow rCorr Int+9}
 60523 | Depths:2 | Reached XP level 27. HP: 273/274 MP: 23/23
 60841 | Depths:2 | Got The Fundamentals of Witchery
 60850 | Depths:2 | Noticed a juggernaut
 60855 | Depths:2 | Killed a juggernaut
 60928 | Depths:2 | Found a one-way gate leading to the halls of Pandemonium.
 61044 | Depths:2 | Identified the +4 dagger of Kyef {holy, rF+ Int+3 Dex+4
                  | Stlth+}
 61045 | Depths:2 | Identified the ring "Liyck" {*Corrode rPois rC+ Str+6}
 61051 | Depths:2 | Identified the +5 long sword of Demand {drain, rElec Str+4
                  | Dex-4 Stlth+}
 61111 | Depths:2 | Identified the +4 flail of the Wraith {antimagic, ^Fragile
                  | rF+ rC- Str+5}
 61163 | Depths:2 | Identified the +0 pair of gloves of the Untouchables {rF+}
 62325 | Depths:3 | Found a one-way gate to the infinite horrors of the Abyss.
 62581 | Depths:4 | Entered Level 4 of the Depths
 62771 | Depths:4 | Acquired 937 gold pieces
 62986 | Depths:4 | Noticed Margery
 62996 | Depths:4 | Killed Margery
 63002 | Depths:4 | Killed the ghostly Margery
 63228 | Depths:4 | Identified the +2 robe "Loppi" {+Blink rPois Str+3}
 63228 | Depths:4 | Noticed Boris
 63241 | Depths:4 | Killed Boris
 63590 | Depths:4 | Found a gate to the Realm of Zot.
 63768 | Depths:3 | Voluntarily entered the Abyss.
 63801 | Abyss:3  | Got an abyssal rune of Zot
 64050 | Depths:3 | Escaped the Abyss
 64654 | Hell     | Entered the Vestibule of Hell
 64681 | Hell     | Noticed Geryon
 64695 | Hell     | Killed Geryon
 64832 | Hell     | Found a gateway to the decaying netherworld of Tartarus.
 64936 | Hell     | Found a gateway to the ashen valley of Gehenna.
 65098 | Hell     | Found a gateway to the Iron City of Dis.
 65141 | Hell     | Found a gateway to the freezing wastes of Cocytus.
 65466 | Dis:1    | Entered Level 1 of the Iron City of Dis
 65835 | Dis:1    | You are sucked into a shaft and drop 1 floor!
 66680 | Zot:1    | Entered Level 1 of the Realm of Zot
 66814 | Zot:1    | Noticed an orb of fire
 66821 | Zot:1    | Gained mutation: You are vulnerable to cold. (rC-) [an orb
                  | of fire]
 66822 | Zot:1    | Killed an orb of fire
 67323 | Zot:2    | Noticed Feng's ghost (veteran OnBe)
 67330 | Zot:2    | Found a runed translucent door.
 67359 | Zot:2    | Killed Feng's ghost
 67554 | Zot:2    | Reached skill level 27 in Dodging
 67794 | Zot:2    | Found the +4 dragonskin cloak
 67794 | Zot:2    | Noticed Tiamat
 67827 | Zot:2    | Killed Tiamat
 70443 | Zot:5    | Entered Level 5 of the Realm of Zot
 70956 | Zot:5    | Noticed a dread lich
 70961 | Zot:5    | Killed a dread lich
 70974 | Zot:5    | Noticed an ancient lich
 70982 | Zot:5    | Killed an ancient lich
 71136 | Zot:5    | Noticed a dread lich
 71137 | Zot:5    | Noticed an orb of fire
 71137 | Zot:5    | Noticed an orb of fire
 71137 | Zot:5    | Noticed an ancient lich
 71139 | Zot:5    | Noticed a dread lich
 71139 | Zot:5    | Noticed an ancient lich
 71141 | Zot:5    | Killed a dread lich
 71145 | Zot:5    | Gained mutation: You are clumsy. (Dex -2) [an orb of fire]
 71146 | Zot:5    | Killed an orb of fire
 71148 | Zot:5    | Killed an ancient lich
 71150 | Zot:5    | Killed an orb of fire
 71151 | Zot:5    | Reached skill level 27 in Fighting
 71152 | Zot:5    | Killed an ancient lich
 71155 | Zot:5    | Killed a dread lich
 71278 | Zot:5    | Reached skill level 5 in Evocations
 71583 | Zot:5    | Noticed an orb of fire
 71586 | Zot:5    | Noticed an ancient lich
 71589 | Zot:5    | Gained mutation: You sometimes lose the ability to read
                  | scrolls when taking damage. [an orb of fire]
 71591 | Zot:5    | Killed an orb of fire
 71599 | Zot:5    | Killed an ancient lich
 72414 | Hell     | Lost mutation: Your mind is acute. (Int +4, Str/Dex -1)
                  | [potion of mutation]
 72414 | Hell     | Lost mutation: You possess an exceptional clarity of mind.
                  | [potion of mutation]
 72414 | Hell     | Lost mutation: You occasionally lose the ability to drink
                  | potions when taking damage. [potion of mutation]
 72414 | Hell     | Lost mutation: You are partially covered in iridescent
                  | scales. (AC +2) [potion of mutation]
 72414 | Hell     | Gained mutation: You have a pair of horns on your head.
                  | [potion of mutation]
 72414 | Hell     | Gained mutation: Your flesh is heat resistant. (rF+)
                  | [potion of mutation]
 72414 | Hell     | Gained mutation: You are strong-willed. (Will+) [potion of
                  | mutation]
 72415 | Hell     | Lost mutation: You are clumsy. (Dex -2) [potion of
                  | mutation]
 72415 | Hell     | Lost mutation: You are strong-willed. (Will+) [potion of
                  | mutation]
 72415 | Hell     | Lost mutation: Your natural rate of healing is unusually
                  | fast. [potion of mutation]
 72415 | Hell     | Lost mutation: You have hoof-like feet. [potion of
                  | mutation]
 72415 | Hell     | Lost mutation: You are vulnerable to cold. (rC-) [potion of
                  | mutation]
 72415 | Hell     | Gained mutation: You are partially covered in iridescent
                  | scales. (AC +2) [potion of mutation]
 72416 | Hell     | Lost mutation: You have large cloven feet. [potion of
                  | mutation]
 72416 | Hell     | Lost mutation: You have a pair of horns on your head.
                  | [potion of mutation]
 72416 | Hell     | Lost mutation: You sometimes lose the ability to read
                  | scrolls when taking damage. [potion of mutation]
 72416 | Hell     | Gained mutation: Your body sometimes deteriorates upon
                  | taking damage. [potion of mutation]
 72416 | Hell     | Gained mutation: You have large cloven feet. [potion of
                  | mutation]
 72417 | Hell     | Lost mutation: Your flesh is heat resistant. (rF+) [potion
                  | of mutation]
 72417 | Hell     | Lost mutation: You are weak. (Str -2) [potion of mutation]
 72417 | Hell     | Lost mutation: You have large cloven feet. [potion of
                  | mutation]
 72417 | Hell     | Gained mutation: Your natural rate of healing is unusually
                  | fast. [potion of mutation]
 72417 | Hell     | Gained mutation: You have large cloven feet. [potion of
                  | mutation]
 72417 | Hell     | Gained mutation: You are agile. (Dex +4, Str/Int -1)
                  | [potion of mutation]
 72418 | Hell     | Lost mutation: You occasionally lose the ability to read
                  | scrolls when taking damage. [potion of mutation]
 72418 | Hell     | Lost mutation: You are partially covered in iridescent
                  | scales. (AC +2) [potion of mutation]
 72418 | Hell     | Lost mutation: You have large cloven feet. [potion of
                  | mutation]
 72418 | Hell     | Gained mutation: You are covered in thick fur. (AC +2)
                  | [potion of mutation]
 72418 | Hell     | Gained mutation: Your muscles are strong. (Str +4, Int/Dex
                  | -1) [potion of mutation]
 72418 | Hell     | Gained mutation: You have large cloven feet. [potion of
                  | mutation]
 72827 | Vaults:2 | Bought a potion of mutation for 104 gold pieces
 72827 | Vaults:2 | Lost mutation: You are covered in thick fur. (AC +2)
                  | [potion of mutation]
 72827 | Vaults:2 | Lost mutation: You are agile. (Dex +4, Str/Int -1) [potion
                  | of mutation]
 72827 | Vaults:2 | Gained mutation: You occasionally lose the ability to read
                  | scrolls when taking damage. [potion of mutation]
 72827 | Vaults:2 | Gained mutation: Your body often deteriorates upon taking
                  | damage. [potion of mutation]
 72827 | Vaults:2 | Gained mutation: Your flesh is cold resistant. (rC+)
                  | [potion of mutation]
 72827 | Vaults:2 | Gained mutation: You possess an exceptional clarity of
                  | mind. [potion of mutation]
 72832 | Vaults:2 | Bought a scroll of acquirement for 1092 gold pieces
 72832 | Vaults:2 | Acquired 958 gold pieces
 75154 | Tomb:1   | Entered Level 1 of the Tomb of the Ancients
 75163 | Tomb:1   | Acquired 996 gold pieces
 75209 | Tomb:1   | Identified the +4 robe "Zuckamufuwk" {rF+ Archmagi}
 75209 | Tomb:1   | Noticed Boris
 75218 | Tomb:1   | Killed Boris
 75219 | Tomb:1   | Reached skill level 10 in Evocations
 75359 | Tomb:1   | Noticed a royal mummy
 75378 | Tomb:1   | Killed a royal mummy
 75691 | Tomb:1   | Noticed a royal mummy
 75702 | Tomb:1   | Killed a royal mummy
 75786 | Tomb:1   | Noticed a royal mummy
 75795 | Tomb:1   | Killed a royal mummy
 75895 | Tomb:1   | Noticed a royal mummy
 75907 | Tomb:1   | Killed a royal mummy
 76084 | Tomb:2   | Noticed a royal mummy
 76086 | Tomb:2   | Noticed a royal mummy
 76087 | Tomb:2   | Noticed a royal mummy
 76089 | Tomb:2   | Noticed a royal mummy
 76109 | Tomb:2   | Killed a royal mummy
 76578 | Tomb:1   | Noticed a royal mummy
 76578 | Tomb:1   | Noticed a royal mummy
 76585 | Tomb:1   | Killed a royal mummy
 76588 | Tomb:1   | Noticed a royal mummy
 76589 | Tomb:1   | Noticed a royal mummy
 76603 | Tomb:1   | Killed a royal mummy
 76604 | Tomb:1   | Noticed a royal mummy
 76605 | Tomb:1   | Noticed a royal mummy
 76610 | Tomb:1   | Noticed a royal mummy
 76610 | Tomb:1   | Noticed a royal mummy
 76612 | Tomb:1   | Killed a royal mummy
 76617 | Tomb:1   | Killed a royal mummy
 76641 | Tomb:1   | Killed a royal mummy
 76744 | Tomb:2   | Killed a royal mummy
 76836 | Tomb:1   | Noticed a royal mummy
 76846 | Tomb:1   | Killed a royal mummy
 76868 | Tomb:1   | Killed a royal mummy
 76896 | Tomb:1   | Killed a royal mummy
 76952 | Tomb:1   | Noticed a royal mummy
 76958 | Tomb:1   | Killed a royal mummy
 76992 | Tomb:1   | Noticed a royal mummy
 76996 | Tomb:1   | Noticed a royal mummy
 76997 | Tomb:1   | Noticed a royal mummy
 77002 | Tomb:1   | Killed a royal mummy
 77015 | Tomb:1   | Killed a royal mummy
 77027 | Tomb:1   | Noticed a royal mummy
 77030 | Tomb:1   | Killed a royal mummy
 77031 | Tomb:1   | Noticed a royal mummy
 77035 | Tomb:1   | Killed a royal mummy
 77035 | Tomb:1   | Noticed a royal mummy
 77036 | Tomb:1   | Noticed a royal mummy
 77038 | Tomb:1   | Noticed a royal mummy
 77269 | Tomb:1   | Killed a royal mummy
 77308 | Tomb:1   | Noticed a royal mummy
 77312 | Tomb:1   | Killed a royal mummy
 77317 | Tomb:1   | Killed a royal mummy
 77397 | Tomb:1   | Killed a royal mummy
 77406 | Tomb:1   | Killed a royal mummy
 77456 | Tomb:2   | Reached skill level 15 in Evocations
 77540 | Tomb:3   | Entered Level 3 of the Tomb of the Ancients
 77609 | Tomb:3   | Found the macabre finger necklace {Finger+ rN+}
 77635 | Tomb:3   | Noticed a royal mummy
 77635 | Tomb:3   | Noticed a royal mummy
 77635 | Tomb:3   | Noticed a royal mummy
 77635 | Tomb:3   | Noticed a royal mummy
 77636 | Tomb:3   | Noticed a royal mummy
 77638 | Tomb:3   | Killed a royal mummy
 77638 | Tomb:3   | Killed a royal mummy
 77638 | Tomb:3   | Killed a royal mummy
 77642 | Tomb:3   | Killed a royal mummy
 77642 | Tomb:3   | Noticed a royal mummy
 77648 | Tomb:3   | Killed a royal mummy
 77650 | Tomb:3   | Killed a royal mummy
 77652 | Tomb:3   | Noticed a royal mummy
 77659 | Tomb:3   | Killed a royal mummy
 77747 | Tomb:3   | Noticed a royal mummy
 77751 | Tomb:3   | Noticed a royal mummy
 77761 | Tomb:3   | Killed a royal mummy
 77933 | Tomb:3   | Got the Incunabulum of the Translocated Mountains
 77942 | Tomb:3   | Identified the ring of Uteupiukk {rElec rC- rCorr MP+9
                  | Slay+5}
 77951 | Tomb:3   | Identified the +5 whip "Eviscerator" {freeze, Stlth+}
 78003 | Tomb:3   | Identified the ring of Alusari {rC++ rN+}
 78022 | Tomb:3   | Identified the +7 long sword "Mymayt" {elec, rElec Str+4
                  | Dex+3}
 78361 | Tomb:3   | Got a golden rune of Zot
 78763 | Crypt:3  | Identified the +1 chain mail of the Pit {Str+2}
 79302 | Zot:5    | Got the Orb of Zot
 79535 | Depths:4 | Noticed Uxouj the pandemonium lord
 79541 | Depths:4 | Killed Uxouj the pandemonium lord
 79737 | Depths:1 | Noticed Ateodacw the pandemonium lord
 79741 | Depths:1 | Killed Ateodacw the pandemonium lord
 80210 | D:$      | Escaped with the Orb!

Illustrated notes

Levels and vault maps discovered:
D:1:      dpeg_arrival_triangle_fractal, layout_rooms,
          hellmonk_ecumenical_altar_inner_sanctum, minmay_pentomino_o4
D:2:      layout_basic
D:3:      layout_loops_ring, riverfiend_overflow_shadow_ancestor,
          mainiacjoe_sewer_entry_somewhere_in_here_1
D:4:      layout_basic, serial_shops, shop, lightli_minifort, uniq_menkaure,
          uniq_duvessa, uniq_natasha, uniq_robin
D:5:      layout_basic, tgw_xom, kennysheep_orc_sif_temple,
          mainiacjoe_overflow_alcove_1, minmay_temple_entry_hall
D:6:      layout_basic, elyvilon_altar_3, mainiacjoe_overflow_tiny_flanked,
          nemelex_altar_shiori
D:7:      layout_loops_ring, serial_aquarium, aquarium_bridge_long_separate
          [aquarium_subvault_bridge, aquarium_subvault_balcony,
          aquarium_subvault_wall, aquarium_subvault_window,
          aquarium_subvault_bridge, aquarium_subvault_bridge],
          aquarium_bridge_island_large [aquarium_subvault_large_water,
          aquarium_subvault_wall, aquarium_subvault_balcony,
          aquarium_subvault_window, aquarium_subvault_bridge],
          aquarium_window_double, aquarium_window_corridor_1,
          aquarium_window_fake, aquarium_view_2c, aquarium_view_2b, uniq_pikel,
          uniq_crazy_yiuf_cottage
D:8:      layout_cave_pools, gammafunk_temple_overflow_elements,
          grunt_tough_drop
D:9:      layout_small_grid, serial_undead, serial_undead_c, serial_undead_e,
          serial_undead_b, serial_undead_b
D:10:     layout_irregular_city, orc_0_dummy
D:11:     layout_basic, grunt_lair_entry_orc_guard_hut, grunt_decor_cap
D:12:     layout_big_octagon, grunt_dithmenos_smoke
D:13:     layout_stronghold, nicolae_trove_entry_columns,
          evilmike_ruin_ashenzari, uniq_sonja, uniq_nessos, uniq_erolcha
D:14:     layout_roguey, ximxim_vaults_locker_room, serial_park_square3
          [serial_park_minivault_5x5_6], nicolae_gozag_seed_capital
D:15:     kennysheep_seaside_town, layout_loops_cross, chequers_big_river,
          serial_shops, shop, uniq_jorgrun, uniq_azrael, uniq_agnes
Temple:   nicolae_temple_bog_church
Lair:1:   layout_roguey, special_room [special_room_bee]
Lair:2:   layout_layer_cave, grunt_megastairs_1, infiniplex_staircase_pool
Lair:3:   layout_chaotic_city, mainiacjoe_shoals_entry_four_pools,
          nicolae_snake_entry_warm_welcome, roderic_batcave, uniq_nergalle
Lair:4:   layout_cave_pods, nicolae_slime_entry_field_trip, uniq_kirke
Lair:5:   wormcave, layout_regular_city, hangedman_lair_caniforms_friends,
          nicolae_volcano_entry_s_turn, st_stairs_11, nicolae_lair_lindhole
Shoals:1: nicolae_shoals_lighthouse, layout_shoals, yaktaur_hedge
Shoals:2: layout_shoals
Shoals:3: layout_shoals, nicolae_shop_firing_range
Shoals:4: shoals_end_simple, layout_shoals, serial_shops, bzr_entry_water,
          uniq_bai_suzhen
Snake:1:  layout_rooms, serial_shops, shop, nicolae_snake_lava_pool,
          uniq_frances
Snake:2:  layout_rooms, serial_shops, shop, basic_altar
Snake:3:  layout_cave_shapes, portal_ice_cave_entry_pillars_2,
          minmay_shop_grove, uniq_aizul
Snake:4:  hellmonk_snake_rune_quicksilver_temple, layout_chambers,
          grunt_ministairs_2, nicolae_snake_salamander_fort, uniq_louise
Slime:1:  nicolae_slime_infinislime, layout_caves,
          cheibrodos_slime_lost_civilization_5
Slime:2:  layout_caves
Slime:3:  layout_caves
Slime:4:  layout_caves
Slime:5:  slime_pit_nicolae_royal_road_to_ruin
Orc:1:    layout_caves, uniq_erica
Orc:2:    grunt_orc_community_town_hall, layout_caves,
          grunt_orc_community_big_house_1, grunt_orc_community_big_house_1,
          grunt_orc_community_house_3, grunt_orc_community_house_2,
          grunt_orc_community_house_1, grunt_orc_community_house_3,
          serial_shops, shop
Elf:1:    layout_geoelf_diagonals, hangedman_elf_disciples, corexii_checkpoint,
          corexii_leaking_fountain, drop_trap, serial_library_hellmonk_u_bend,
          minmay_shop_star
Elf:2:    elven_hall_of_blades_hangedman_original
          [nicolae_blade_entry_pointy_end], layout_geoelf_diagonals,
          serial_shops, nicolae_shop_advertising_works
          [nicolae_subvault_shop_adworks], kilobyte_mutagenic_chamber
Elf:3:    minmay_elf_hall, layout_loops_corners, serial_shops,
          nicolae_square_shop, shop
Vaults:1: v_misc_25, nicolae_vaults_inception_scallops, nicolae_vaults_wrenched,
          ontoclasm_vaults_loading_screen, nicolae_vaults_more_shelving_2,
          lightli_orcish_oven, nicolae_vaults_little_squares_5,
          nicolae_vaults_variable_pillar_hall, grunt_vaults_funnel,
          nicolae_vaults_tangram_1, nicolae_vaults_heart-shaped_vault,
          layout_vaults_chaotic_city, serial_shops, nicolae_shop_peninsula,
          uniq_asterion, uniq_donald
Vaults:2: gammafunk_ghost_ooze, vaults_standard_mumra_x,
          minmay_crypt_entry_nasty_monster, nicolae_vaults_twisting_passages,
          nicolae_vaults_trapezoid_4, nicolae_vaults_double_plus_1,
          nicolae_vaults_trapezoid_lopsided_3, v_misc_19,
          dpeg_vaults_monster_box, layout_vaults_omnigrid
Vaults:3: nzn_ghost_randoct, nicolae_vaults_house_3,
          nicolae_vaults_little_guard_posts, nicolae_vaults_network_periphery,
          hangedman_vaults_variations, hangedman_vaults_snaps, v_alt_pattern_1,
          nicolae_vaults_trapezoid_lopsided_2,
          nicolae_vaults_trapezoid_lopsided_1, layout_vaults_omnicross
Vaults:4: ontoclasm_vaults_ring_small, ontoclasm_vaults_fault,
          nicolae_vaults_closet_pinwheel_5, ontoclasm_vaults_chip,
          special_room_vaults [special_room_orc], v_misc_32,
          nicolae_vaults_tetromino_L_1, nicolae_vaults_alarming,
          nicolae_vaults_rhombus_5, ontoclasm_vaults_ring_large,
          vaults_room_boxed, v_misc_27, ontoclasm_vaults_ring_large,
          nicolae_vaults_trapezoid_3, vaults_room_stairs_pillars,
          layout_vaults_maze_bifur, serial_shops, nicolae_shop_rolling_square
Vaults:5
Crypt:1:  layout_gridlike, nicolae_crypt_smalloseum
Crypt:2:  layout_regular_city, infiniplex_enter_wizlab_water, uniq_josephina
Crypt:3:  church_of_pain_bobbens, layout_chaotic_city,
          tomb_entry_forgotten_bobbens, minivault_4, weyrava_lich_vault,
          uniq_vv, uniq_frederick
Tomb:1
Tomb:2
Tomb:3
Depths:1: layout_honeycomb, enter_ziggurat_a, minivault_11,
          pf_dread_powers_of_hell, serial_shops, shop, grunt_ministairs_5,
          minmay_swirly_circle, firewood_loft, uniq_mara
Depths:2: box_level_dp, hell_entry, pan_entry
Depths:3: minmay_angry_zag, layout_gridlike, abyss_entry,
          nicolae_concentric_dashed_squares_mild, grunt_hell_entry_dis_grunt
Depths:4: grunt_bruiser_brothers, layout_gridlike, grunt_metal_band
Hell
Dis:1:    layout_regular_city
Dis:2:    layout_jigsaw
Dis:3:    layout_regular_city
Dis:4:    layout_regular_city, nrook_loot_triangle
Zot:1:    layout_basic, lemuel_golem_globe
Zot:2:    kennysheep_blocky_room, layout_gridlike,
          hellmonk_ghost_happy_afterlife, uniq_tiamat
Zot:3:    layout_gridlike, hangedman_zot_spectrum
Zot:4:    layout_misc_corridors, grunt_ministairs_10, nicolae_zig_zag_zippers
Zot:5:    layout_basic

Skill      XL: |  1  2  3  4  5  6  7  8  9 10 11 12 13 14 15 16 17 18 19 20 21 22 23 24 25 26 27 |
---------------+----------------------------------------------------------------------------------+-----
Unarmed Combat | 3 4 5 6 8 9 11 12 14 15 16 17 19 21 22 23 25 26 27 | 27.0
Shapeshifting  | 4 5 7 8 10 11 12 13 15 17 18 19 20 21 22 24 25 27 | 27.0
Fighting       | 2 3 4 5 6 7 8 9 10 11 12 13 14 16 27 | 27.0
Dodging        | 3 5 6 8 9 11 12 13 14 15 16 17 19 22 27 | 27.0
Evocations     | 1 18 | 18.7

Action                     |  1- 3 |  4- 6 |  7- 9 | 10-12 | 13-15 | 16-18 | 19-21 | 22-24 | 25-27 || total
---------------------------+-------+-------+-------+-------+-------+-------+-------+-------+-------++-------
  Melee: Unarmed           |    61 |   225 |   323 |   563 |   950 |   914 |  1151 |  1038 |  2308 ||  7533
         Headbutt          |    12 |    32 |    64 |   129 |   170 |   155 |   218 |    31 |   124 ||   935
         Punch             |       |     7 |     2 |     8 |    62 |    94 |   118 |   185 |   471 ||   947
         Kick              |       |       |       |       |       |       |   151 |    49 |   195 ||   395
 Invoke: Potion Petition   |       |       |     1 |       |       |     1 |       |     1 |     2 ||     5
         Call Merchant     |       |       |       |     1 |     4 |     2 |     2 |       |     4 ||    13
         Bribe Branch      |       |       |       |       |       |       |       |       |     2 ||     2
Ability: Blinkbolt         |       |       |       |       |       |       |       |     2 |     8 ||    10
  Evoke: Wand              |       |       |       |       |     8 |       |     3 |       |       ||    11
    Use: Scroll            |     1 |    11 |     2 |    11 |     9 |     6 |     8 |     3 |    12 ||    63
         Potion            |       |     2 |     3 |     4 |     3 |     7 |     6 |     7 |    13 ||    45
   Stab: Distracted        |       |     1 |       |     3 |     7 |     5 |     4 |     8 |    28 ||    56
         Invisible         |       |       |       |     2 |       |       |       |       |     5 ||     7
         Sleeping          |       |       |       |       |       |       |     1 |       |       ||     1
 Armour: Animal skin       |    37 |   127 |    46 |       |       |       |       |       |   305 ||   515
         Skin              |       |    35 |   193 |   544 |  1221 |  1558 |  1575 |   336 |   395 ||  5857
  Dodge: Dodged            |    23 |    96 |   210 |   402 |   741 |   819 |   822 |   699 |  1984 ||  5796
   Form: Flux              |       |       |     1 |       |       |       |       |       |       ||     1
         Statue            |       |       |       |     1 |       |       |     3 |     2 |       ||     6
         Storm             |       |       |       |       |       |       |     2 |     2 |     2 ||     6
                           |       |       |       |       |       |       |     1 |     3 |       ||     4
         Death             |       |       |       |       |       |       |       |       |     2 ||     2

Table legend: (Time is in decaauts)
 A = Elapsed time spent in this place.
 B = Non-inter-level travel time spent in this place.
 C = Inter-level travel time spent in this place.
 D = Time resting spent in this place.
 E = Time spent auto-exploring this place.
 F = Levels seen in this place.
 G = Mean time per level.
                   A        B        C        D        E       F      G
               +--------+--------+--------+--------+--------+-----+--------+
         Total |  93057 |  77797 |  15260 |   6321 |  54615 |  74 | 1257.5 |
       Dungeon |  19669 |  15446 |   4223 |    428 |  12249 |  15 | 1311.3 |
        Temple |     26 |      1 |     25 |      0 |      0 |   1 |   26.0 |
          Lair |   8730 |   7555 |   1175 |     29 |   5952 |   5 | 1746.0 |
        Shoals |   5382 |   4889 |    493 |    280 |   3447 |   4 | 1345.5 |
     Snake Pit |   5729 |   5269 |    460 |    280 |   4008 |   4 | 1432.2 |
    Slime Pits |   5308 |   4350 |    958 |    180 |   2733 |   5 | 1061.6 |
  Orcish Mines |   2609 |   2213 |    396 |    150 |   1618 |   2 | 1304.5 |
   Elven Halls |   9452 |   7952 |   1500 |   2662 |   3919 |   3 | 3150.7 |
        Vaults |  10943 |   8690 |   2253 |    721 |   6516 |   5 | 2188.6 |
         Crypt |   3328 |   3047 |    281 |      2 |   2417 |   3 | 1109.3 |
          Tomb |   3572 |   2908 |    664 |    105 |   1968 |   3 | 1190.7 |
        Depths |   6149 |   4678 |   1471 |      2 |   3728 |   4 | 1537.2 |
          Hell |   1940 |   1478 |    462 |    716 |    474 |   1 | 1940.0 |
           Dis |   1044 |    912 |    132 |    100 |    627 |   4 |  261.0 |
           Zot |   5540 |   4779 |    761 |    198 |   3596 |   5 | 1108.0 |
         Abyss |    890 |    890 |      0 |     13 |    335 |   4 |  222.5 |
        Bazaar |    321 |    321 |      0 |     75 |    141 |   1 |  321.0 |
         Trove |    139 |    139 |      0 |      0 |     42 |   1 |  139.0 |
         Sewer |    296 |    296 |      0 |      0 |    132 |   1 |  296.0 |
      Ice Cave |   1039 |   1039 |      0 |    376 |    195 |   1 | 1039.0 |
       Volcano |    294 |    294 |      0 |      0 |    163 |   1 |  294.0 |
        Wizlab |    646 |    646 |      0 |      0 |    352 |   1 |  646.0 |
               +--------+--------+--------+--------+--------+-----+--------+

Top non-repeatable levels by time:
   Elf:3: 4451 daAuts
Vaults:2: 3204 daAuts
Vaults:1: 3091 daAuts
   Elf:2: 2998 daAuts
    D:15: 2820 daAuts
 Snake:4: 2543 daAuts
  Lair:5: 2405 daAuts
Vaults:3: 2144 daAuts
    D:14: 2104 daAuts
   Elf:1: 2002 daAuts
    Hell: 1940 daAuts
  Tomb:1: 1857 daAuts
  Lair:4: 1802 daAuts
Depths:2: 1725 daAuts
Shoals:4: 1706 daAuts
